 Dungeon Crawl Stone Soup version 0.21.1-1-g345015f (webtiles) character file.

651 infcreate the Chopper (level 7, -1/91 HPs)
             Began as a Minotaur Fighter on May 29, 2018.
             Was a Follower of Trog.
             Slain by Pikel
             ... wielding a +1 whip of electrocution
              (19 damage)
             ... on level 5 of the Dungeon.
             The game lasted 00:16:10 (3330 turns).

infcreate the Chopper (Minotaur Fighter)            Turns: 3330, Time: 00:16:11

Health: -1/91      AC: 10    Str: 28    XL:     7   Next: 28%
Magic:  6/6        EV:  6    Int:  5    God:    Trog [*.....]
Gold:   224        SH: 12    Dex:  9    Spells: 6/6 levels left

rFire    . . .     SeeInvis .   a - +0 war axe
rCold    . . .     Gourm    .   u - +2 shield
rNeg     . . .     Faith    .   r - +0 chain mail (curse)
rPois    .         Spirit   .   (helmet restricted)
rElec    .         Reflect  .   (no cloak)
rCorr    .         Harm     .   (no gloves)
MR       .....                  (no boots)
Stlth    ..........             (no amulet)
HPRegen  0.25/turn              (no ring)
MPRegen  0.10/turn              (no ring)

@: berserking, very quick
A: retaliatory headbutt, horns 2
a: Berserk, Burn Spellbooks, Renounce Religion


You were on level 5 of the Dungeon.
You worshipped Trog.
Trog was aware of your devotion.
You were near starving.

You visited 1 branch of the dungeon, and saw 5 of its levels.

You collected 224 gold pieces.

Inventory:

Hand Weapons
 a - a +0 war axe (weapon)
Armour
 r - a cursed +0 chain mail (worn)
 u - a +2 shield (worn)
Jewellery
 c - a +5 ring of strength {unknown}
Scrolls
 i - a scroll of teleportation
 j - a scroll of amnesia
 k - 2 scrolls of remove curse
 o - 5 scrolls of identify
 p - a scroll of enchant weapon {unknown}
Potions
 b - a potion of agility {unknown}
 d - 2 potions of might
 e - 2 potions of magic {unknown}
 g - 2 potions of mutation {unknown}
 l - 2 potions of heal wounds {unknown}
 m - a potion of invisibility {unknown}
 n - a potion of resistance
 q - 2 potions of degeneration {unknown}
 s - a potion of flight {unknown}
 t - a potion of ambrosia {unknown}
Comestibles
 f - 9 rations


   Skills:
 + Level 5.1 Fighting
 + Level 6.6 Axes
 + Level 5.6 Armour
 + Level 5.7 Shields


You had 6 spell levels left.
You didn't know any spells.

Dungeon Overview and Level Annotations

Branches:
Dungeon (5/15)             Temple (0/1) D:4

Altars:
Elyvilon
Hepliaklqana
Qazlal
Trog

Portals:
Sewer: D:5

Annotations:
D:4 exclusion: oklob sapling
D:5 Pikel


Innate Abilities, Weirdness & Mutations

You reflexively headbutt those who attack you in melee.
You have a pair of horns on your head.


Message History

Pikel is moderately wounded.
You hit the slave. You slash the worm!
You kill the worm!
Trog accepts your kill. The slave closely misses you.
Pikel hits you but does no damage.
You completely miss Pikel.
Pikel is moderately wounded.
You hit the slave. The slave barely misses you.
You hit Pikel.
Pikel is moderately wounded.
Your shield and chain mail prevent you from hitting the slave.
Pikel hits you but does no damage.
You are electrocuted!
* * * LOW HITPOINT WARNING * * *
The slave hits you but does no damage.
You slash Pikel! You headbutt Pikel!
Pikel is severely wounded.
You barely miss the slave.
You hear the slow rusting of a drain.
Pikel hits you but does no damage.
You are electrocuted!
You die...

,** *#.####.......#* **
#..#...##...## *
#.....##*##.#** ##..<..##
*...***
#...)..†##**.)..,*
#..###†..##...#.,*
#..*#.........*,,*
*******
##,,#$.†......*,,*
,,,,,,**
*,,#[@[≈≈≈...*,,*
,**,,,,*
*,,#Kp[≈≈≈≈..,,,*
******,*
**,....≈≈∩≈≈..,,,*
*,****..#...≈≈≈≈≈..,,,*
**,,*#..*#....≈≈≈...,,**
***<,,*..**##.........***
***,,****.,* *#.........*
*,,*** *,,***...$.#####*
,,,* *,,,,,******


You could see Pikel and a slave.

Vanquished Creatures
  Sigmund (D:3)
  3 slaves (D:5)
  An ogre (D:4)
  A scorpion (D:4)
  A hound (D:4)
  3 orc wizards
  3 worker ants
  Terence (D:3)
  A howler monkey zombie (D:5)
  4 adders
  2 river rats (D:5)
  An ooze (D:4)
  3 worms
  2 dart slugs
  3 leopard geckos
  8 orcs
  4 giant cockroaches
  7 goblins
  4 hobgoblins
  4 jackals (D:4)
  5 kobolds
  2 quokkas
  5 bats
  2 frilled lizards
  A giant cockroach zombie (D:3)
  7 rats
79 creatures vanquished.

Notes
Turn   | Place    | Note
-------+----------+-------------------------------------------
     0 | D:1      | infcreate the Minotaur Fighter began the quest for the Orb.
     0 | D:1      | Reached XP level 1. HP: 19/19 MP: 0/0
   274 | D:1      | Reached XP level 2. HP: 27/27 MP: 1/1
   756 | D:2      | Found a faded altar of an unknown god.
   758 | D:2      | Noticed Terence
   862 | D:2      | Found a bloodstained altar of Trog.
   869 | D:2      | Became a worshipper of Trog the Wrathful
   876 | D:2      | Found a stormy altar of Qazlal.
  1036 | D:2      | Found a hazy altar of Hepliaklqana.
  1248 | D:2      | Reached XP level 3. HP: 32/33 MP: 2/2
  1756 | D:2      | Reached skill level 3 in Axes
  2023 | D:3      | Reached XP level 4. HP: 39/40 MP: 3/3
  2073 | D:3      | Killed Terence
  2124 | D:3      | Reached skill level 4 in Axes
  2146 | D:3      | Noticed Sigmund
  2171 | D:3      | Killed Sigmund
  2171 | D:3      | Reached skill level 5 in Axes
  2171 | D:3      | Reached XP level 5. HP: 40/47 MP: 4/4
  2435 | D:4      | Noticed an ogre
  2442 | D:4      | Reached XP level 6. HP: 41/53 MP: 5/5
  2449 | D:3      | Reached * piety under Trog
  2449 | D:3      | Reached skill level 5 in Shields
  2620 | D:4      | Reached skill level 5 in Armour
  2658 | D:4      | Reached skill level 6 in Axes
  2837 | D:4      | Found a white marble altar of Elyvilon.
  2857 | D:4      | Reached skill level 5 in Fighting
  2857 | D:4      | Reached XP level 7. HP: 55/61 MP: 6/6
  2947 | D:4      | Found a staircase to the Ecumenical Temple.
  3234 | D:5      | Entered Level 5 of the Dungeon
  3302 | D:5      | Found a glowing drain.
  3309 | D:5      | Noticed Pikel
  3330 | D:5      | Slain by Pikel

Skill      XL: |  1  2  3  4  5  6 |
---------------+-------------------+-----
Armour         | 4 5 |  5.6
Shields        | 4 5 |  5.7
Fighting       | 4 5 |  5.1
Axes           | 3 5 6 |  6.6

Action                   |  1- 3 |  4- 6 |  7- 9 || total
-------------------------+-------+-------+-------++-------
Melee: War axe           |    97 |    99 |    36 ||   232
       Headbutt          |    11 |    18 |     5 ||    34
Invok: Berserk           |       |       |     1 ||     1
  Use: Scroll            |       |       |     4 ||     4
  Eat: Chunk             |     1 |     2 |     1 ||     4
       Ration            |     1 |       |       ||     1
Armor: Scale mail        |    36 |       |       ||    36
       Chain mail        |     8 |    59 |    28 ||    95
Dodge: Dodged            |    43 |    23 |    21 ||    87
Block: Shield            |    49 |    67 |    29 ||   145
